 Dungeon Crawl Stone Soup version 0.31.0-9-g3a7656b989 (webtiles) character file.

Game seed: 670393943490300707

163 qw the Ducker (level 5, 0/26 HPs)
             Began as a Spriggan Hunter on Feb 2, 2024.
             Slain by an orc
             ... wielding a +0 dagger
              (2 damage)
             ... on level 3 of the Dungeon.
             The game lasted 00:00:05 (1813 turns).

qw the Ducker (Spriggan Hunter)                     Turns: 1813, Time: 00:00:06

Health: 0/26       AC:  3    Str:  7    XL:     5   Next: 20%
Magic:  6/6        EV: 20    Int: 11    God:
Gold:   110        SH:  0    Dex: 20    Spells: 4/4 levels left

rFire   + . .        a - +1 shortbow (drain)
rCold   . . .        (shield currently unavailable)
rNeg    . . .        c - +0 robe
rPois   .            (helmet restricted)
rElec   .            i - +0 cloak
rCorr   .            (gloves unavailable)
SInv    +            (boots unavailable)
Will    .....        (no amulet)
Stlth   ++           h - ring of protection from fire
HPRegen 0.24/turn    (no ring)
MPRegen 0.10/turn

%: no passive effects
@: very quick
A: very small, no large weapons, unfitting armour, see invisible, speed 3
a: no special abilities


You were on level 3 of the Dungeon.
You visited 1 branch of the dungeon, and saw 3 of its levels.

You collected 110 gold pieces.


Innate Abilities, Weirdness & Mutations

You are very small and have problems with some larger weapons.
You are too small for most types of armour.
You have supernaturally acute eyesight. (SInv)
You cover ground extremely quickly. (Speed+++)


   Skills:
 - Level 2.0 Fighting
 + Level 5.2 Ranged Weapons
 - Level 5.3 Dodging
 - Level 1.5 Stealth


You had 4 spell levels left.
You didn't know any spells.
Your spell library was empty.

Inventory:

Hand Weapons
 a - a +1 shortbow of draining (weapon)
Armour
 c - a +0 robe (worn)
 i - a +0 cloak (worn)
Jewellery
 h - a ring of protection from fire (left hand)
Potions
 g - a potion of haste

Dungeon Overview and Level Annotations

Branches:
Dungeon (3/15)

Altars:

Annotations:
D:2 1 runed translucent door, Crazy Yiuf


Message History

You shoot an arrow. The arrow barely misses the jackal.
The jackal closely misses you. x2; The orc misses you.
The jackal completely misses you.
You shoot an arrow. The arrow barely misses the jackal.
The jackal barely misses you.
The jackal bites you but does no damage.
The orc misses you. The jackal completely misses you.
You shoot an arrow. The arrow barely misses the jackal.
The jackal barely misses you. The orc completely misses you.
The jackal misses you. x2
You shoot an arrow. The arrow closely misses the jackal.
The jackal closely misses you. The jackal misses you.
The jackal closely misses you. The jackal completely misses you.
The orc completely misses you. The orc hits you with a +0 short sword.
You shoot an arrow. The arrow barely misses the jackal.
The jackal misses you. The jackal closely misses you.
The orc hits you but does no damage. The orc misses you.
You shoot an arrow. The arrow barely misses the jackal.
The jackal bites you but does no damage.
The jackal bites you. x2; The orc completely misses you. x2
The jackal closely misses you.
You shoot an arrow. The arrow hits the jackal!
You kill the jackal!
The jackal barely misses you. The orc hits you with a +0 short sword.
The orc hits you but does no damage.
The jackal bites you but does no damage.
You shoot an arrow. The arrow barely misses the orc.
The jackal bites you. The orc closely misses you.
The orc completely misses you.
You shoot an arrow. The arrow hits the orc.
You drain the orc.
The orc is severely wounded.
The jackal misses you. The orc completely misses you.
The orc hits you with a +0 dagger. The jackal misses you.
You shoot an arrow. The arrow closely misses the orc.
The jackal misses you. The orc hits you with a +0 short sword.
The orc hits you with a +0 dagger.
You shoot an arrow. The arrow hits the orc.
The orc is almost dead.
The jackal closely misses you. The orc barely misses you.
The orc hits you with a +0 dagger.
You die...

########..##.##..
.....%....##.####
#########.##.#
..#......#
#.##..#####
#.#.........
#.#...######
#.#...# #h@o..#
#....)#o..#
...........#
...#.).#.#.# ..
#.#.#...# .
.........
.#.#?######
......


You could see 2 orcs and a jackal.

Vanquished Creatures
  An orc priest (D:3)
  Jessica (D:2)
  An orc wizard (D:3)
  3 adders
  A dart slug (D:1)
  7 endoplasms
  4 giant cockroaches
  5 goblins
  3 hobgoblins (D:1)
  4 jackals
  2 quokkas
  3 ball pythons
  5 bats
  4 frilled lizards (D:2)
  6 kobolds
  3 rats
53 creatures vanquished.

Notes
Turn   | Place    | Note
-------+----------+-------------------------------------------
     0 | D:1      | qw the Spriggan Hunter began the quest for the Orb.
     0 | D:1      | Reached XP level 1. HP: 10/10 MP: 2/2
     0 | D:1      | 0 ||| qw: Version: 0.3-a-155-g5e7d8dd
     0 | D:1      | 0 ||| qw: Game counter: 321
     0 | D:1      | 0 ||| qw: Melee chars always use a shield: true
     0 | D:1      | 0 ||| qw: God list: Okawaru
     0 | D:1      | 0 ||| qw: Allow faded altars: false
     0 | D:1      | 0 ||| qw: Do Orc after clearing Dungeon:15 true
     0 | D:1      | 0 ||| qw: Do second Lair branch before Depths: true
     0 | D:1      | 0 ||| qw: Lair rune preference: random
     0 | D:1      | 0 ||| qw: Goals: Normal
     0 | D:1      | 0 ||| PLANNING D:1-11
    72 | D:1      | Reached skill level 3 in Dodging
   188 | D:1      | Reached XP level 2. HP: 14/14 MP: 3/3
   483 | D:1      | Reached XP level 3. HP: 18/18 MP: 4/4
   798 | D:1      | Found a faded altar of an unknown god.
   804 | D:1      | 804 ||| UPGRADING to +0 cloak.
   809 | D:1      | 809 ||| READING scroll labelled XIFFUV QUXKUO.
   810 | D:1      | 810 ||| READING 6 scrolls labelled BASAKLIABI.
   810 | D:1      | 810 ||| IDENTIFYING sedimented green potion
   811 | D:1      | 811 ||| READING 5 scrolls of identify.
   811 | D:1      | 811 ||| IDENTIFYING glowing green potion
   812 | D:1      | 812 ||| READING 4 scrolls of identify.
   812 | D:1      | 812 ||| IDENTIFYING scroll labelled AHINAE TOGAO
   813 | D:1      | 813 ||| DROPPING scroll of butterflies.
   814 | D:1      | 814 ||| DROPPING potion of degeneration.
   815 | D:1      | 815 ||| DROPPING scroll of amnesia.
  1178 | D:2      | Noticed Jessica
  1182 | D:2      | Killed Jessica
  1183 | D:2      | Reached XP level 4. HP: 22/22 MP: 5/5
  1282 | D:2      | Found a runed translucent door.
  1283 | D:2      | Noticed Crazy Yiuf
  1702 | D:2      | 1702 ||| UPGRADING to ring of protection from fire.
  1703 | D:2      | 1703 ||| READING 4 scrolls of identify.
  1703 | D:2      | 1703 ||| IDENTIFYING golden potion
  1704 | D:2      | 1704 ||| READING 3 scrolls of identify.
  1704 | D:2      | 1704 ||| IDENTIFYING scroll labelled LUODOPS OFFUP
  1705 | D:2      | 1705 ||| READING scroll of brand weapon.
  1705 | D:2      | 1705 ||| BRANDING +0 shortbow.
  1706 | D:2      | 1706 ||| READING 2 scrolls of identify.
  1706 | D:2      | 1706 ||| IDENTIFYING scroll labelled MYBRIM ZINEAFOM
  1707 | D:2      | 1707 ||| READING scroll of enchant weapon.
  1707 | D:2      | 1707 ||| ENCHANTING +0 shortbow of draining.
  1708 | D:2      | 1708 ||| READING scroll of identify.
  1708 | D:2      | 1708 ||| IDENTIFYING scroll labelled TAYFUK SIMULAA
  1709 | D:2      | 1709 ||| DROPPING scroll of torment.
  1710 | D:2      | 1710 ||| DROPPING potion of brilliance.
  1800 | D:3      | Reached XP level 5. HP: 20/26 MP: 6/6
  1812 | D:3      | HP: 5/26 [orc/+0 short sword (4)]
  1812 | D:3      | HP: 2/26 [orc/+0 dagger (3)]
  1813 | D:3      | Slain by an orc

Levels and vault maps discovered:
D:1:      mrwooster_arrival_statue_3, layout_basic,
          shapermc_ecumenical_altar_hornbeckon
D:2:      layout_loops_ring, minmay_crystal_water, uniq_jessica,
          uniq_crazy_yiuf_cottage
D:3:      layout_basic, nrook_uturn, uniq_robin, uniq_terence

Skill      XL: |  1  2  3  4 |
---------------+-------------+-----
Dodging        | 3 4 5 |  5.3
Ranged Weapons | 5 |  5.2
Fighting       | 2 |  2.0
Stealth        | |  1.5

Action                     |  1- 3 |  4- 6 || total
---------------------------+-------+-------++-------
   Fire: Shortbow          |    99 |    49 ||   148
    Use: Scroll            |     4 |     6 ||    10
 Armour: Robe              |     8 |    23 ||    31
  Dodge: Dodged            |    35 |    43 ||    78

Table legend:
 A = Non-vault XP
 B = Vault XP
 C = Vault XP percentage of total XP
 D = Non-vault monster count
 E = Vault monster count
 F = Vault count percentage of total count
                 A         B        C        D         E       F
            +---------+---------+-------+---------+---------+-------
      Total |     196 |      37 |  15.9 |      52 |       1 |   1.9
            +---------+---------+-------+---------+---------+-------
        D:1 |      48 |       0 |   0.0 |      28 |       0 |   0.0
        D:2 |      49 |      37 |  43.0 |      17 |       1 |   5.6
        D:3 |      99 |       0 |   0.0 |       7 |       0 |   0.0
            +---------+---------+-------+---------+---------+-------
